 Dungeon Crawl Stone Soup version 0.27-a0-1325-g58a489ad9e (webtiles) character file.

Game seed: 1619449724312881536

1492 bits the Reanimator (level 8, -3/64 HPs)
             Began as a Deep Dwarf Necromancer on June 24, 2021.
             Slain by a vampire (5 damage)
             ... on level 5 of the Dungeon.
             The game lasted 00:22:54 (5294 turns).

bits the Reanimator (Deep Dwarf Necromancer)        Turns: 5294, Time: 00:22:55

Health: -3/64      AC:  9    Str: 13    XL:     8   Next: 51%
Magic:  6/16       EV: 13    Int: 17    God:
Gold:   78         SH:  0    Dex: 13    Spells: 14/18 levels left

rFire    . . .     SeeInvis .   k - +0 scythe (protect)
rCold    . . .     Faith    .   (shield currently unavailable)
rNeg     . . .     Spirit   .   a - +2 robe
rPois    .         Reflect  .   (no helmet)
rElec    .         Harm     .   m - +1 cloak
rCorr    .         Rampage  .   (no gloves)
Will     +....                  i - +2 pair of boots
Stlth    ++........             (no amulet)
HPRegen  0.00/turn              (no ring)
MPRegen  0.15/turn              (no ring)

@: lethally poisoned (-3 -> -3)
A: damage resistance, heal wounds, sense surroundings 1, no regeneration
a: Heal Wounds


You were on level 5 of the Dungeon.
You visited 1 branch of the dungeon, and saw 5 of its levels.

You collected 186 gold pieces.
You spent 108 gold pieces at shops.

Inventory:

Hand Weapons
 d - a +3 dagger
 h - a +1 short sword of freezing
 k - a +0 scythe of protection (weapon)
 o - a +1 whip of freezing
 p - a +0 flail of protection
Armour
 a - a +2 robe (worn)
 i - a +2 pair of boots (worn)
 m - a +1 cloak (worn)
Wands
 e - a wand of polymorph (18)
Potions
 b - a potion of cancellation {unknown}
 c - a potion of brilliance {unknown}
 f - 5 potions of might
 g - 3 potions of flight {unknown}
 j - a potion of invisibility {unknown}
 l - a potion of heal wounds {unknown}


   Skills:
 + Level 1.6 Fighting
 + Level 0.4 Short Blades
 + Level 2.3 Polearms
 + Level 4.3 Dodging
 + Level 3.0 Stealth
 * Level 5.6 Spellcasting
 * Level 8.4 Necromancy


You had 14 spell levels left.
You knew the following spells:

 Your Spells              Type           Power      Damage    Failure   Level
a - Pain                  Necr           100%       1d9       1%          1
b - Vampiric Draining     Necr           16%        2d8       1%          3

Your spell library contained the following spells:

 Spells                   Type           Power      Damage    Failure   Level
 Animate Skeleton         Necr           66%        N/A       1%          1
 Animate Dead             Necr           16%        N/A       4%          4
 Agony                    Necr           33%        N/A       12%         5


Dungeon Overview and Level Annotations

Branches:
Dungeon (5/15)
 Temple: D:4-7

Altars:
Kikubaaqudgha

Shops:
D:3 [


Innate Abilities, Weirdness & Mutations

You are resistant to damage.
You can heal yourself by infusing magical energy.
You passively map a small area around you.
You do not regenerate.


Message History

Aiming: Vampiric Draining (safe; 1% risk of failure)
Press: ? - help, Q - select action, (/) - cycle Shift-Dir - straight line, f/p - water moccasin
Aim: a water moccasin (heavily wounded)
You draw life force from the water moccasin!
You feel life coursing into your body. The water moccasin bites you.
You are more poisoned.
The water moccasin poisons you! Something hits you!
* * * LOW HITPOINT WARNING * * *
Something bites you.
* * * LOW HITPOINT WARNING * * *
Something draws strength from your injuries!
Aiming: Vampiric Draining (safe; 1% risk of failure)
Press: ? - help, Q - select action, (/) - cycle Shift-Dir - straight line, f/p - water moccasin
Aim: a water moccasin (almost dead)
You draw life force from the water moccasin!
You kill the water moccasin!
You feel life coursing into your body. Something hits you.
Something bites you but does no damage.
You barely miss something. Something hits you. Something barely misses you.
Something hits you!
* * * LOW HITPOINT WARNING * * *
Something bites you but does no damage.
You miss something. Something hits you but does no damage.
Something bites you but does no damage. Something hits you.
Something bites you.
Something draws strength from your injuries!
You closely miss something. Something hits you but does no damage.
Something bites you but does no damage. Something completely misses you.
Something bites you.
* * * LOW HITPOINT WARNING * * *
Something draws strength from your injuries!
You closely miss something. Something hits you.
* * * LOW HITPOINT WARNING * * *
Something bites you.
* * * LOW HITPOINT WARNING * * *
Something draws strength from your injuries!
Something hits you but does no damage. Something bites you but does no damage.
You closely miss something. Something hits you. Something bites you!
You die...

,,,,,,,**** #.# #.#.
*,,,**,* #># #.#. ******,*
#.# ###.#. *,*
##.##########.....
*,*########..........<#.###.
*,,.........#########...# #.
*** ****######..# ###.###.
,,* #..# #..... *,* #{@#
###.## *,* #..# #.# *,* #..#
#.# *,* **#..# #.# *,*
*,...# #.# *,* *.##.# #.#
*,* *.*#.# #.# *,* #,*#!#
#.# #.# *,**,* #.#


There were no monsters in sight!

Vanquished Creatures
  Pikel (D:5)
  Sigmund (D:2)
  Edmund (D:4)
  A water moccasin (D:5)
  A black bear (D:4)
  2 ogres (D:4)
  2 phantoms
  2 hounds
  A jelly (D:5)
  Jessica (D:2)
  An iguana (D:2)
  A hound skeleton (D:4)
  6 adders
  A white imp (D:5)
  4 worms
  5 orcs
  4 ball pythons
  3 endoplasms
  2 giant cockroaches
  5 goblins
  2 hobgoblins
  2 jackals (D:1)
  5 quokkas
  7 bats
  4 frilled lizards
  4 kobolds
  2 rats
71 creatures vanquished.

Notes
Turn   | Place    | Note
-------+----------+-------------------------------------------
     0 | D:1      | bits the Deep Dwarf Necromancer began the quest for the
                  | Orb.
     0 | D:1      | Reached XP level 1. HP: 15/15 MP: 3/3
   653 | D:1      | Reached XP level 2. HP: 19/22 MP: 0/4
   810 | D:1      | Found a faded altar of an unknown god.
   973 | D:1      | Reached skill level 5 in Necromancy
  1151 | D:2      | Noticed Sigmund
  1162 | D:2      | Killed Sigmund
  1163 | D:2      | Reached XP level 3. HP: 11/28 MP: 0/7
  1163 | D:2      | Reached XP level 4. HP: 14/36 MP: 0/8
  1163 | D:2      | Reached XP level 5. HP: 17/42 MP: 0/9
  1167 | D:2      | Learned a level 3 spell: Vampiric Draining
  1497 | D:2      | Reached skill level 6 in Necromancy
  1738 | D:2      | You fall into a shaft and drop 1 floor!
  1908 | D:3      | Found an ancient bone altar of Kikubaaqudgha.
  2224 | D:3      | Reached XP level 6. HP: 50/50 MP: 4/11
  2343 | D:3      | Found Kiaratej's Antique Armour Shoppe.
  2808 | D:3      | Bought a cloak for 108 gold pieces
  2856 | D:2      | Noticed Jessica
  2863 | D:2      | Killed Jessica
  3388 | D:4      | Noticed Edmund
  3421 | D:4      | Killed Edmund
  3658 | D:4      | Reached skill level 1 in Polearms
  3658 | D:4      | Reached XP level 7. HP: 50/56 MP: 3/13
  4469 | D:4      | Reached skill level 7 in Necromancy
  4539 | D:4      | Reached skill level 1 in Fighting
  4840 | D:5      | Entered Level 5 of the Dungeon
  4926 | D:5      | Noticed Pikel
  4950 | D:5      | Killed Pikel
  4951 | D:5      | Reached skill level 5 in Spellcasting
  4951 | D:5      | Reached skill level 8 in Necromancy
  4951 | D:5      | Reached XP level 8. HP: 26/64 MP: 1/16
  5293 | D:5      | HP: 2/64 [something (2)]
  5294 | D:5      | Slain by a vampire

Illustrated notes

Levels and vault maps discovered:
D:1:      dpeg_arrival_castle, layout_basic,
          hellmonk_ecumenical_altar_leap_of_faith
D:2:      layout_basic, uniq_jessica, uniq_sigmund
D:3:      layout_basic, nicolae_overflow_crystal_walls, serial_shops, shop
D:4:      layout_gridville, uniq_edmund
D:5:      layout_loops_ring, uniq_pikel, uniq_menkaure

Skill      XL: |  1  2  3  4  5  6  7 |
---------------+----------------------+-----
Necromancy     | 5 6 8 |  8.4
Spellcasting   | 3 4 5 |  5.6
Dodging        | 3 4 |  4.3
Polearms       | 1 2 |  2.3
Fighting       | 1 |  1.6
Stealth        | 3 |  3.0
Short Blades   | |  0.4

Action                   |  1- 3 |  4- 6 |  7- 9 || total
-------------------------+-------+-------+-------++-------
Melee: Dagger            |     4 |       |       ||     4
       Short sword       |    12 |       |       ||    12
       Scythe            |       |    92 |    84 ||   176
 Cast: Pain              |    39 |       |       ||    39
       Vampiric Draining |       |    30 |    31 ||    61
  Use: Scroll            |       |     6 |     3 ||     9
 Stab: Sleeping          |       |     1 |       ||     1
Armor: Robe              |    19 |    97 |    83 ||   199
Dodge: Dodged            |    13 |   130 |   104 ||   247

Table legend: (Time is in decaauts)
 A = Elapsed time spent in this place.
 B = Non-inter-level travel time spent in this place.
 C = Inter-level travel time spent in this place.
 D = Time resting spent in this place.
 E = Time spent auto-exploring this place.
 F = Levels seen in this place.
 G = Mean time per level.
                   A        B        C        D        E       F      G
               +--------+--------+--------+--------+--------+-----+--------+
         Total |   5467 |   5276 |    191 |   1327 |   1762 |   5 | 1093.4 |
       Dungeon |   5467 |   5276 |    191 |   1327 |   1762 |   5 | 1093.4 |
               +--------+--------+--------+--------+--------+-----+--------+

Top non-repeatable levels by time:
     D:4: 1510 daAuts
     D:2: 1157 daAuts
     D:1: 1153 daAuts
     D:3: 1141 daAuts
     D:5: 504 daAuts
